 Dungeon Crawl Stone Soup version 0.27-a0-1529-g1e82c303ef (webtiles) character file.

Game seed: 13019165512793589149

1843 Morbidden the Chucker (level 8, -2/75 HPs)
             Began as a Troll Hunter on July 12, 2021.
             Was a Believer of Cheibriados.
             Splashed by a jelly's acid (9 damage)
             ... on level 6 of the Dungeon.
             The game lasted 00:10:00 (5528 turns).

Morbidden the Chucker (Troll Hunter)                Turns: 5528, Time: 00:10:01

Health: -2/75      AC: -16   Str: 25    XL:     8   Next: 87%
Magic:  10/10      EV: 12    Int: 13    God:    Cheibriados [**....]
Gold:   293        SH:  0    Dex: 20    Spells: 7/11 levels left

rFire    . . .     SeeInvis .     - Unarmed
rCold    . . .     Faith    .   (no shield)
rNeg     . . .     Spirit   .   b - +0 robe
rPois    .         Reflect  .   (helmet restricted)
rElec    .         Harm     .   (no cloak)
rCorr    .         Rampage  .   (gloves unavailable)
Will     .....                  (boots unavailable)
Stlth    ++........             (no amulet)
HPRegen  1.22/turn              o - +6 ring of dexterity
MPRegen  0.12/turn              (no ring)

@: corroded, very slow
A: large, unfitting armour, claws 3, regeneration 1, shaggy fur 1, tough skin 1
a: Renounce Religion, Bend Time


You were on level 6 of the Dungeon.
You worshipped Cheibriados.
Cheibriados was pleased with you.
You visited 2 branches of the dungeon, and saw 7 of its levels.
You also visited: Sewer.

You collected 293 gold pieces.

Inventory:

Missiles
 c - 5 large rocks
 d - 2 throwing nets
 f - 201 stones (quivered)
 g - 4 boomerangs of dispersal
Armour
 b - a +0 robe (worn)
Jewellery
 o - a +6 ring of dexterity (left claw)
Scrolls
 e - 5 scrolls of identify
 h - 6 scrolls of teleportation
 j - 2 scrolls of amnesia
 k - a scroll of fear
 l - 3 scrolls of magic mapping
 p - 2 scrolls of enchant weapon {unknown}
 r - 2 scrolls of enchant armour {unknown}
 s - 2 scrolls of immolation {unknown}
Potions
 a - a potion of haste
 i - a potion of curing {unknown}
 m - a potion of magic
 n - a potion of resistance {unknown}
 q - a potion of brilliance
 t - a potion of ambrosia


   Skills:
 * Level 3.2 Fighting
 * Level 5.6 Throwing
 * Level 4.0 Dodging
 + Level 1.2 Stealth
 + Level 4.8 Unarmed Combat
 * Level 2.3 Spellcasting
 * Level 2.6 Transmutations
 * Level 1.7 Poison Magic
 * Level 1.8 Invocations


You had 7 spell levels left.
You knew the following spells:

 Your Spells              Type           Power      Damage    Failure   Level
a - Beastly Appendage     Tmut           16%        N/A       9%          1
b - Spider Form           Tmut/Pois      3%         N/A       30%         3

Your spell library contained the following spells:

 Spells                   Type           Power      Damage    Failure   Level
 Wereblood                Tmut           8%         N/A       13%         2
 Gell's Gravitas          Tloc           0%         N/A       58%         3
 Lesser Beckoning         Tloc           0%         N/A       58%         3
 Teleport Other           Tloc           1%         N/A       58%         3


Dungeon Overview and Level Annotations

Branches:
Dungeon (6/15)             Temple (1/1) D:5           Sewer (visited)

Altars:
Ashenzari
Cheibriados
Dithmenos
Gozag
Hepliaklqana
Kikubaaqudgha
Makhleb
Nemelex Xobeh
Okawaru
Ru
Sif Muna
Trog
Uskayaw
Vehumet
Wu Jian
Xom
Yredelemnul

Annotations:
D:6 exclusion: oklob plant


Innate Abilities, Weirdness & Mutations

You are too large for most types of armour.
You have claws for hands.
Your natural rate of healing is unusually fast.
You are covered in fur. (AC +1)
You have tough skin. (AC +1)


Message History

The jelly hits you.
You are splashed with acid.
You are too injured to fight recklessly!
You are too injured to fight recklessly!
You are too injured to fight recklessly!
You are too injured to fight recklessly!
You scratch the jelly.
Your claws burn!
The jelly is heavily wounded.
The jelly completely misses you.
Unknown command.
You scratch the jelly but do no damage.
Your claws burn!
The jelly is heavily wounded.
The jelly closely misses you.
Unknown command.
You claw the jelly!
You kill the jelly!
Cheibriados thoroughly appreciates the change of pace.
Unknown command.
The jelly quivers.
You claw the endoplasm!
You kill the endoplasm!
Cheibriados appreciates the change of pace.
Unknown command.
You scratch the jelly but do no damage.
Your claws burn!
The jelly hits you.
You are splashed with acid!
* * * LOW HITPOINT WARNING * * *
Unknown command.
You claw the jelly!
Your claws burn!
* * * LOW HITPOINT WARNING * * *
The jelly is heavily wounded.
The jelly hits you.
* * * LOW HITPOINT WARNING * * *
The acid corrodes you!
You are splashed with acid!
* * * LOW HITPOINT WARNING * * *
You scratch the jelly.
Your claws burn!
* * * LOW HITPOINT WARNING * * *
The jelly is severely wounded.
The jelly hits you.
* * * LOW HITPOINT WARNING * * *
The acid corrodes you!
You are splashed with acid!
You die...

# ###############...# *
*,,* #.* ##### *
*.(####.# *....##.#
*#.#.##.# #)#.##.#
#.#.##.# ***
######.#.##.###########≈#
#...##.#.##.)JJJ@......≈#
..#.......))..J####....≈#
....##.#.#####.# *,.≈.≈#
.#####.#.# #.# **,..≈#
.........# #J# **,.≈#
.#####.### *#J#* *,*≈# ##
*#.#*****JJJ* *,**#
*...,,,*#J.J#* *,*
#..#****JJ.J.* *,*


You could see 3 jellies and an endoplasm.

Vanquished Creatures
  An orc warrior (D:6)
  An ice beast (D:5)
  2 black bears
  A necrophage (D:6)
  2 ogres
  A centaur (D:6)
  A kobold brigand (D:4)
  2 scorpions
  2 howler monkeys
  4 crimson imps (D:6)
  2 bullfrog zombies (D:5)
  4 jellies (D:6)
  A centaur skeleton (D:4)
  2 orc priests
  An iguana (D:5)
  2 orc wizards
  A killer bee zombie (D:5)
  A hound skeleton (D:5)
  11 gnolls
  16 adders
  An adder skeleton (D:4)
  4 worms
  3 dart slugs
  9 orcs
  10 ball pythons
  8 endoplasms
  3 giant cockroaches
  6 goblins
  3 hobgoblins
  3 jackals (D:3)
  5 kobolds
  7 quokkas
  3 bats
  11 frilled lizards
  A rat (D:1)
135 creatures vanquished.

Vanquished Creatures (others)
  5 fungi (D:6)
5 creatures vanquished.

Grand Total: 140 creatures vanquished

Notes
Turn   | Place    | Note
-------+----------+-------------------------------------------
     0 | D:1      | Morbidden the Troll Hunter began the quest for the Orb.
     0 | D:1      | Reached XP level 1. HP: 19/19 MP: 0/0
   146 | D:1      | Reached skill level 4 in Throwing
   206 | D:1      | Reached XP level 2. HP: 27/27 MP: 1/1
   271 | D:1      | Learned a level 1 spell: Beastly Appendage
   332 | D:1      | Found a faded altar of an unknown god.
   800 | D:2      | Reached XP level 3. HP: 30/33 MP: 2/2
  1460 | D:2      | Reached XP level 4. HP: 42/42 MP: 3/3
  1711 | D:3      | Reached skill level 1 in Unarmed Combat
  1920 | D:3      | Reached skill level 1 in Spellcasting
  1920 | D:3      | Reached XP level 5. HP: 20/49 MP: 3/5
  2039 | D:3      | Reached skill level 1 in Transmutations
  3130 | D:3      | Reached XP level 6. HP: 30/57 MP: 6/6
  3223 | D:4      | Reached skill level 5 in Throwing
  3422 | D:4      | Reached XP level 7. HP: 66/66 MP: 6/8
  3487 | D:4      | Learned a level 3 spell: Spider Form
  4108 | D:5      | Entered Level 5 of the Dungeon
  4412 | D:5      | Found a staircase to the Ecumenical Temple.
  4419 | Temple   | Entered the Ecumenical Temple
  4452 | Temple   | Became a worshipper of Cheibriados the Contemplative
  4590 | D:5      | Reached skill level 1 in Stealth
  4748 | D:6      | Reached skill level 1 in Poison Magic
  4758 | D:6      | Reached XP level 8. HP: 74/74 MP: 9/9
  4776 | D:6      | Reached skill level 1 in Invocations
  4819 | D:6      | Found a glowing drain.
  4831 | Sewer    | Entered a sewer
  4879 | Sewer    | Reached * piety under Cheibriados
  5278 | D:6      | Found a shimmering altar of Xom.
  5495 | D:6      | Noticed an oklob plant
  5517 | D:6      | Reached ** piety under Cheibriados
  5528 | D:6      | Splashed by a jelly's acid

Illustrated notes

Levels and vault maps discovered:
D:1:      dpeg_arrival_shrine, layout_loops_ring,
          dreamdust_ecumenical_altar_grove
D:2:      minmay_razor_zed, layout_basic
D:3:      layout_basic, kennysheep_generic_room_14
D:4:      layout_gridville
D:5:      layout_rooms, minmay_temple_entry_slanted
D:6:      lemuel_slime, layout_loops_ring, led_xom_imps, portal_sewer_entry_d,
          chequers_serial_rivers_micro_e, chequers_serial_rivers_micro_e,
          hangedman_decor_push
Temple:   compressed_dpeg_triangle_lava_temple

Skill      XL: |  1  2  3  4  5  6  7  8 |
---------------+-------------------------+-----
Throwing       | 4 5 |  5.6
Dodging        | 2 3 4 |  4.0
Unarmed Combat | 1 2 3 4 |  4.8
Spellcasting   | 1 2 |  2.3
Transmutations | 1 2 |  2.6
Fighting       | 2 3 |  3.2
Stealth        | 1 |  1.2
Poison Magic   | 1 |  1.7
Invocations    | 1 |  1.8

Action                   |  1- 3 |  4- 6 |  7- 9 || total
-------------------------+-------+-------+-------++-------
Melee: Unarmed           |    93 |   155 |   218 ||   466
       Kick              |     1 |       |       ||     1
       Punch             |       |     3 |     5 ||     8
Throw: Stone             |    44 |    45 |    28 ||   117
 Cast: Beastly Appendage |     1 |       |       ||     1
  Use: Scroll            |       |       |     5 ||     5
       Potion            |       |       |     4 ||     4
 Stab: Sleeping          |     1 |     1 |     2 ||     4
       Distracted        |       |       |     1 ||     1
Armor: Robe              |    34 |    56 |    47 ||   137
Dodge: Dodged            |    41 |    66 |   120 ||   227

Table legend: (Time is in decaauts)
 A = Elapsed time spent in this place.
 B = Non-inter-level travel time spent in this place.
 C = Inter-level travel time spent in this place.
 D = Time resting spent in this place.
 E = Time spent auto-exploring this place.
 F = Levels seen in this place.
 G = Mean time per level.
                   A        B        C        D        E       F      G
               +--------+--------+--------+--------+--------+-----+--------+
         Total |   5823 |   5535 |    288 |    321 |   3944 |   8 |  727.9 |
       Dungeon |   5313 |   5032 |    281 |    321 |   3606 |   6 |  885.5 |
        Temple |     52 |     45 |      7 |      0 |     23 |   1 |   52.0 |
         Sewer |    457 |    457 |      0 |      0 |    315 |   1 |  457.0 |
               +--------+--------+--------+--------+--------+-----+--------+

Top non-repeatable levels by time:
     D:3: 1255 daAuts
     D:2: 1167 daAuts
     D:4: 955 daAuts
     D:1: 716 daAuts
     D:6: 635 daAuts
     D:5: 582 daAuts
   Sewer: 457 daAuts
  Temple: 52 daAuts
